 Dungeon Crawl Stone Soup version 0.28.0-45-g0d030f2227 (webtiles) character file.

Game seed: 1221889618169689050

36 Zeor the Twirler (level 3, -5/22 HPs)
             Began as a Gargoyle Gladiator on Apr 11, 2022.
             Slain by an ogre
             ... wielding a +0 giant spiked club
              (20 damage)
             ... on level 2 of the Dungeon.
             The game lasted 00:03:44 (1249 turns).

Zeor the Twirler (Gargoyle Gladiator)               Turns: 1249, Time: 00:03:45

Health: -5/22      AC:  9    Str: 19    XL:     3   Next: 37%
Magic:  3/3        EV: 12    Int:  8    God:
Gold:   46         SH:  0    Dex: 11    Spells: 2/2 levels left

rFire   + . .      SeeInvis .   a - +0 quarterstaff
rCold   + . .      Faith    .   (shield currently unavailable)
rNeg    + . .      Spirit   .   b - +0 leather armour
rPois   ∞          Reflect  .   g - +2 helmet
rElec   +          Harm     .   (no cloak)
rCorr   +          Rampage  .   (no gloves)
Will    .....                   (no boots)
Stlth   +.........              (no amulet)
HPRegen 0.07/turn               (no ring)
MPRegen 0.08/turn               (no ring)

@: resistant, flying
A: sickness immunity, AC +3, negative energy resistance 1, electricity
resistance, torment resistance 1, petrification resistance
a: no special abilities


You were on level 2 of the Dungeon.
You visited 1 branch of the dungeon, and saw 2 of its levels.

You collected 46 gold pieces.

Inventory:

Hand Weapons
 a - a +0 quarterstaff (weapon)
Missiles
 d - 3 throwing nets (quivered)
 e - 23 arrows
 h - 2 boomerangs
Armour
 b - a +0 leather armour (worn)
 g - a +2 helmet (worn)


   Skills:
 + Level 2.4 Fighting
 * Level 3.9 Staves
 + Level 1.7 Throwing
 + Level 0.2 Armour
 + Level 2.5 Dodging
 + Level 0.4 Stealth


You had 2 spell levels left.
You didn't know any spells.
Your spell library was empty.

Dungeon Overview and Level Annotations

Branches:
Dungeon (2/15)

Altars:

Annotations:
D:2 Robin


Innate Abilities, Weirdness & Mutations

You are immune to sickness and miasma.
Your stone body is resilient. (AC +3)
You are immune to poison.
You resist negative energy. (rN+)
You are resistant to electric shocks. (rElec)
You are resistant to unholy torment.
You are immune to petrification.


Message History

The bat hits you but does no damage.
The goblin hits you but does no damage. x2
The bat closely misses you. The bat barely misses you.
Robin roars a battlecry!
The goblins go into a battle-frenzy!
You hear a shout!
The bat hits you but does no damage. The bat barely misses you.
The bat barely misses you.
It was a potion of flight.
You feel very buoyant.
You fly up into the air.
The bat hits you but does no damage. The goblin barely misses you.
It was a potion of resistance.
You feel protected. The bat barely misses you.
The goblin hits you with a +0 club. The hobgoblin misses you.
The bat barely misses you. The goblin barely misses you.
A ball python comes into view.
The ball python hisses angrily.
The bat hits you but does no damage. The bat hits you but does no damage.
The bat closely misses you.
You sock the ball python!
You kill the ball python!
The bat hits you but does no damage.
An ogre comes into view. It is wielding a +0 giant spiked club.
The hobgoblin misses you.
The ogre shouts!
The bat completely misses you.
Robin says, "My army is invincible!"
The goblin no longer looks unusually strong.
Robin roars a battlecry!
The goblins go into a battle-frenzy!
You hear a shout!
The goblin no longer looks unusually strong.
The hobgoblin no longer looks unusually strong.
The ogre hits you with a +0 giant spiked club!!
Ouch! That really hurt!
You die... ∙∙)∙▒≈▒▒∙∙∙∙∙∙∙▒ ▒∙∙∙∙∙ ∙g†▒▒≈≈▒▒▒g∙∙∙∙■ ∙∙∙∙∙∙ ∙∙▒≈≈▒≈≈≈≈∙∙∙∙∙▒ ∙∙∙∙∙∙

∙≈▒≈≈≈≈▒≈▒▒∙g▒■▒■▒∙∙∙∙∙∙
∙≈≈▒≈≈≈≈≈≈▒∙∙∙∙∙∙∙∙∙∙∙∙∙
∙▒≈≈≈≈≈≈≈≈≈∙∙gg∙∙∙∙∙∙∙∙∙
∙▒▒≈≈▒≈▒≈▒▒∙∙b∙g∙∙∙∙∙∙∙∙
∙∙ ≈≈≈≈≈ ▒∙∙∙∙gOg▒∙∙∙▒▒
∙∙ ≈▒≈≈≈▒▒∙∙∙▒▒▒9▒ ∙∙▒
∙∙ ▒▒▒▒∙∙∙∙∙∙ ▒∙∙∙∙∙∙∙∙
∙∙∙


∙∙∙∙∙∙∙ ▒▒▒∙▒▒▒▒▒ ∙∙∙∙∙▒ ∙∙∙ ∙∙∙∙∙ ∙∙▒ ∙∙▒ ∙▒ ∙▒ You could see an ogre, Robin, 2
hobgoblins, 4 goblins and a bat.

Vanquished Creatures
  8 ball pythons
  3 endoplasms (D:1)
  3 giant cockroaches
  A hobgoblin (D:1)
  4 quokkas (D:1)
  3 frilled lizards
  6 goblins
  3 kobolds (D:1)
  2 rats (D:1)
33 creatures vanquished.

Notes
Turn   | Place    | Note
-------+----------+-------------------------------------------
     0 | D:1      | Zeor the Gargoyle Gladiator began the quest for the Orb.
     0 | D:1      | Reached XP level 1. HP: 12/12 MP: 1/1
   151 | D:1      | Found a faded altar of an unknown god.
   201 | D:1      | Reached XP level 2. HP: 17/17 MP: 2/2
   719 | D:1      | Reached XP level 3. HP: 22/22 MP: 3/3
  1229 | D:2      | Noticed Robin
  1244 | D:2      | Noticed an ogre
  1249 | D:2      | Slain by an ogre

Illustrated notes

Levels and vault maps discovered:
D:1:      scummos_arrival_simple_fountains, layout_basic,
          basic_ecumenical_altar, minmay_three_crescents
D:2:      layout_basic, basic_altar, minivault_4, uniq_robin

Action                   || total
-------------------------++-------
Melee: Quarterstaff      ||    71
  Use: Scroll            ||     2
       Potion            ||     2
 Stab: Sleeping          ||     1
Armor: Leather armour    ||    32
Dodge: Dodged            ||    71
